 Dungeon Crawl Stone Soup version 0.28.0-53-g5a82cb258f (webtiles) character file.

Game seed: 7228844427512267674

215252 jjjjhere the Brawler (level 18, -10/191 HPs)
             Began as a Troll Berserker on Aug 27, 2022.
             Was a High Priest of Trog.
             Mangled by a spark wasp (15 damage)
             ... on level 1 of the Depths.
             The game lasted 01:08:40 (35748 turns).

jjjjhere the Brawler (Troll Berserker)             Turns: 35748, Time: 01:08:41

Health: -10/191    AC:  8    Str: 32    XL:     18   Next: 32%
Magic:  17/17      EV: 15    Int:  5    God:    Trog [*****.]
Gold:   1786       SH: 18    Dex: 11    Spells: 17/17 levels left

rFire   + + .      SeeInvis .     - Unarmed
rCold   . . .      Faith    .   z - +0 tower shield
rNeg    + . .      Spirit   .   Z - +1 robe of Koptenoj {rF+ rN+}
rPois   +          Reflect  .   (helmet restricted)
rElec   .          Harm     .   T - +2 cloak {rPois}
rCorr   .          Rampage  .   (gloves unavailable)
Will    +++..                   (boots unavailable)
Stlth   +.........              y - amulet of regeneration
HPRegen 3.01/turn               N - +4 ring of evasion
MPRegen 0.15/turn               s - ring of Xom's Recklessness {+Blink rF+ Slay+2}

@: strong-willed, regenerating
A: large, unfitting armour, claws 3, regeneration 1, shaggy fur 1, tough skin 1
}: 1/15 runes: serpentine
a: Renounce Religion, Evoke Blink, Berserk, Trog's Hand, Brothers in Arms


You were on level 1 of the Depths.
You worshipped Trog.
Trog was extremely pleased with you.
You visited 6 branches of the dungeon, and saw 31 of its levels.
You visited 1 bazaar.

You collected 2765 gold pieces.
You spent 979 gold pieces at shops.

Inventory:

Missiles
 D - 22 poisoned darts (quivered)
Armour
 z - a +0 tower shield (worn)
 T - a +2 cloak of poison resistance (worn)
 Z - the +1 robe of Koptenoj (worn) {rF+ rN+}
   (You bought it in a shop in a bazaar)

   rF:        It protects you from fire.
   rN:        It protects you from negative energy.
Jewellery
 e - the ring of Ginnigir {rC+ Will+}
   (You found it on level 2 of the Dungeon)

   [ring of protection from cold]

   rC:        It protects you from cold.
   Will:      It increases your willpower.
 f - the ring of the Barracuda {rPois Str+4 SInv}
   (You bought it in a shop on level 1 of the Depths)

   [ring of see invisible]

   Str:       It affects your strength (+4).
   rPois:     It protects you from poison.
   SInv:      It lets you see invisible.
 j - a ring of protection from fire
 m - a ring of protection from cold
 n - a +6 ring of intelligence
 s - the ring of Xom's Recklessness (right claw) {+Blink rF+ Slay+2}
   (You found it on level 2 of the Swamp)

   [ring of protection from fire]

   Slay:      It affects your accuracy & damage with ranged weapons and melee
   (+2).
   rF:        It protects you from fire.
   +Blink:    It lets you blink.
 x - a ring of willpower
 y - an amulet of regeneration (around neck)
 C - a +4 ring of evasion
 J - a ring of willpower
 N - a +4 ring of evasion (left claw)
 U - a +6 ring of dexterity
 W - a +4 ring of evasion
Wands
 c - a wand of iceblast (18)
 i - a wand of acid (6)
 k - a wand of polymorph (5)
 o - a wand of flame (91)
 v - a wand of charming (3)
 E - a wand of digging (20)
 O - a wand of mindburst (4)
 V - a wand of paralysis (9)
Scrolls
 a - a scroll of brand weapon
 h - 4 scrolls of summoning
 l - 8 scrolls of blinking
 A - 3 scrolls of magic mapping
 F - 8 scrolls of teleportation
 G - 4 scrolls of fog
 K - a scroll of silence
 L - 3 scrolls of enchant weapon
 M - 5 scrolls of enchant armour
 Q - 6 scrolls of identify
 R - a scroll of fear
Potions
 b - 5 potions of lignification
 d - 6 potions of invisibility
 g - 3 potions of attraction
 p - a potion of haste
 q - 7 potions of curing
 r - 4 potions of magic
 t - 6 potions of heal wounds
 w - 10 potions of mutation
 B - 2 potions of ambrosia
 H - a potion of berserk rage
 P - a potion of flight
 Y - 3 potions of might
Miscellaneous
 I - a tin of tremorstones (2/2)
 S - a phantom mirror
 X - a lightning rod (4/4)


   Skills:
 + Level 14.6 Fighting
 - Level 11.0 Throwing
 - Level 0.6 Armour
 + Level 8.8 Dodging
 + Level 15.9 Shields
 - Level 16.4 Unarmed Combat
 - Level 5.0 Evocations


You had 17 spell levels left.
You didn't know any spells.
Your spell library was empty.

Dungeon Overview and Level Annotations

Branches:
Dungeon (15/15) Temple (0/1) D:5 Lair (6/6) D:10 Swamp (3/4) Lair:2 Snake (4/4) Lair:3 Slime (0/5) Lair:5 Lair:6 Orc (2/2) D:12 Elf (0/3) Orc:2 Vaults (0/5) D:14 Depths (1/4) D:15

Altars:
Cheibriados
Elyvilon
Okawaru
Uskayaw
Beogh

Shops:
D:2 *   D:5 *   D:7 :   D:8 *   Orc:2 [(*=   Depths:1 =:=

Portals:
Ziggurat: Depths:1
Trove: D:14 (give 12 potions of heal wounds)

Annotations:
D:4 1 runed translucent door, Crazy Yiuf
D:6 3 runed translucent doors, styxcanada's ghost, amateur SpBr
Lair:3 2 transporters, Ycoocel's ghost, journeyman DrFE
Depths:1 4 exclusions


Innate Abilities, Weirdness & Mutations

You are too large for most types of armour.
You have claws for hands.
Your natural rate of healing is unusually fast.
You are covered in fur. (AC +1)
You have tough skin. (AC +1)


Message History

The spark wasp shocks you!
* * * LOW HITPOINT WARNING * * *
Aiming: Charm
Press: ? - help, Shift-Dir - straight line, f/p - spark wasp
Aim: a spark wasp (lightly wounded, ally target, chance to affect: 44%)
The spark wasp is charmed.
You swap places.
The spark wasp stings your spark wasp! The spark wasp shocks your spark wasp.
Your spark wasp completely resists.
Your spark wasp stings the spark wasp!
Your spark wasp shocks the spark wasp.
The spark wasp completely resists.
The spark wasp closely misses your spark wasp.
Your spark wasp closely misses the spark wasp.
The spark wasp bursts into living lightning!
The living lightning misses the spark wasp.
The living lightning misses your spark wasp.
The living lightning hits you!
* * * LOW HITPOINT WARNING * * *
The spark wasp blinks!
The spark wasp bursts into living lightning!
The living lightning hits your spark wasp.
Your spark wasp completely resists.
The living lightning misses you.
The living lightning hits the spark wasp.
The spark wasp completely resists.
The spark wasp blinks!
You block the spark wasp's attack.
You barely miss the spark wasp.
The spark wasp is severely wounded.
The spark wasp stings you!!
* * * LOW HITPOINT WARNING * * *
The spark wasp shocks you!
* * * LOW HITPOINT WARNING * * *
The spark wasp completely misses you.
The spark wasp stings you but does no damage.
You feel much better. You block the spark wasp's attack. x2
Your spark wasp stings the spark wasp!
Your spark wasp shocks the spark wasp.
The spark wasp completely resists.
The spark wasp stings you!!
* * * LOW HITPOINT WARNING * * *
The spark wasp shocks you!
You die...

#####..#....⌠.##. .§.##..
#..##.##...#. ...#..
#..#####..[## # ..... #..#
##.... #. ...# ##.#### #...
#.. ..# #.##.# #.. #... #.#
####### #....## .⌠ #....
#.####..yyy####.....# .
......##...§....@y.........#
#......)..########.......###
##.......## ##..#####
##......# #..# #..^...# ##.#
#......# ### ##....## ##>...
#....


You could see 2 spark wasps and 2 friendly spark wasps.

Vanquished Creatures
  Nikola (Swamp:1)
  Mlioglotl (Swamp:1)
  A lich (Depths:1)
  Kirke (Swamp:1)
  Donald (Swamp:3)
  5 nagarajas (Snake:4)
  A fenstrider witch (Swamp:1)
  3 orc warlords
  A ghoul (D:13)
  2 stone giants
  A vampire knight (Depths:1)
  4 eleionomae
  3 ettins (Orc:2)
  A fire dragon (D:15)
  A spriggan air mage (Depths:1)
  2 salamander tyrants (Snake:4)
  3 catoblepae
  9 hydras
  An ogre mage (D:15)
  20 naga warriors
  6 boulder beetles
  Erica (D:11)
  8 centaur warriors
  A death knight (D:14)
  2 dancing weapons (D:14)
  8 anacondas
  12 two-headed ogres
  8 alligators
  2 death yaks (D:10)
  10 tengu warriors
  12 naga sharpshooters
  A shock serpent (shapeshifter) (D:14)
  7 shock serpents
  6 skeletal warriors
  2 sea snakes (Snake:1)
  2 salamander mystics (Snake:2)
  6 goliath frogs
  7 bog bodies
  A swamp dragon (Swamp:1)
  2 spriggan druids (Swamp:1)
  7 naga ritualists
  A steelbarb worm (shapeshifter) (D:15)
  2 orc knights
  A lindwurm (Lair:1)
  A necromancer (Swamp:1)
  2 deep elf pyromancers
  Pikel (D:5)
  10 ugly things
  8 mana vipers
  A will-o-the-wisp (Swamp:1)
  A harpy (shapeshifter) (D:15)
  14 cyclopes
  3 manticores
  17 salamanders
  Joseph (Lair:1)
  13 elephants
  40 black mambas
  8 guardian serpents
  16 naga magi
  A torpor snail (Lair:1)
  A torpor snail (shapeshifter) (D:13)
  24 cane toads
  2 efreet
  4 gargoyles
  2 kobold demonologists (D:9)
  14 komodo dragons
  5 rime drakes
  3 bloated husks (Swamp:1)
  7 trolls
  A polar bear (Lair:6)
  3 meliai (D:14)
  10 tyrant leeches
  7 hornets
  Grinder (D:3)
  16 slime creatures
  28 blink frogs
  Sigmund (D:5)
  4 shadows
  2 wyverns
  6 spriggans
  7 basilisks
  48 yaks
  Eustachio (D:4)
  3 hogs (Swamp:1)
  A wraith (D:11)
  2 vampires
  Menkaure (D:6)
  A steam dragon (D:7)
  11 vampire mosquitoes
  7 swamp worms
  Edmund (D:4)
  45 nagas
  2 acid dragons
  9 water moccasins
  A swamp drake (D:10)
  12 orc warriors
  6 ogres
  3 black bears
  2 ice beasts
  A sky beast (D:6)
  13 wolves
  A necrophage (D:4)
  An ogre (shapeshifter) (D:15)
  4 boggarts (D:12)
  10 centaurs
  A lemure (D:5)
  Blork the orc (D:5)
  3 kobold brigands
  15 bullfrogs
  5 scorpions
  A water moccasin zombie (D:5)
  A gnoll sergeant (D:8)
  3 water moccasin skeletons
  4 killer bees
  5 wights (D:7)
  5 howler monkeys
  3 electric eels
  7 centaur zombies
  A hound (D:7)
  A centaur skeleton (D:4)
  10 orc priests
  A gnoll shaman (D:4)
  A bullfrog skeleton (D:5)
  5 iguanas
  Ijyb (D:4)
  Natasha (thrice) (D:4)
  22 orc wizards
  5 hell rats (Lair:6)
  2 mummies (D:13)
  Robin (D:2)
  9 adders
  15 gnolls
  A howler monkey skeleton (D:7)
  A shadow imp (D:6)
  3 white imps
  A worm (D:3)
  54 orcs
  7 bats
  5 endoplasms
  4 giant cockroaches
  41 goblins
  29 hobgoblins
  10 jackals
  5 quokkas
  4 ball pythons
  5 frilled lizards
  24 kobolds
  6 rats
979 creatures vanquished.

Vanquished Creatures (collateral kills)
  A naga warrior (Snake:2)
  A rakshasa (D:14)
  7 hydras
  A naga mage (Snake:2)
  2 black mambas (Snake:2)
  A guardian serpent (Snake:2)
  2 vampire mosquitoes (Swamp:2)
  A centaur (D:14)
  An orc priest (D:14)
17 creatures vanquished.

Vanquished Creatures (others)
  A centaur simulacrum (D:15)
  A bush (Lair:6)
  A butterfly (D:14)
  35 fungi
  110 plants
  2 withered plants (D:13)
150 creatures vanquished.

Grand Total: 1146 creatures vanquished

Notes
Turn   | Place    | Note
-------+----------+-------------------------------------------
     0 | D:1      | jjjjhere the Troll Berserker began the quest for the Orb.
     0 | D:1      | Reached XP level 1. HP: 22/22 MP: 0/0
   130 | D:1      | Reached XP level 2. HP: 29/29 MP: 1/1
   388 | D:1      | Reached ** piety under Trog
   566 | D:2      | Reached XP level 3. HP: 36/36 MP: 2/2
   591 | D:2      | Noticed Robin
   610 | D:2      | Reached skill level 4 in Unarmed Combat
   623 | D:2      | Killed Robin
   689 | D:2      | Found Lyrphog's Assorted Antiques.
   689 | D:2      | Identified the ring of Ginnigir {rC+ Will+}
   804 | D:2      | Reached XP level 4. HP: 45/45 MP: 3/3
   824 | D:2      | Found a faded altar of an unknown god.
  1337 | D:3      | Noticed Grinder
  1384 | D:3      | Reached *** piety under Trog
  1613 | D:3      | Reached skill level 5 in Unarmed Combat
  1613 | D:3      | Reached XP level 5. HP: 51/53 MP: 4/4
  1668 | D:3      | Killed Grinder
  1669 | D:3      | Reached skill level 6 in Unarmed Combat
  1669 | D:3      | Reached XP level 6. HP: 57/62 MP: 5/5
  2079 | D:4      | Found a runed translucent door.
  2080 | D:4      | Noticed Crazy Yiuf
  2179 | D:4      | Noticed Eustachio
  2184 | D:4      | Killed Eustachio
  2185 | D:4      | Reached skill level 7 in Unarmed Combat
  2185 | D:4      | Reached XP level 7. HP: 63/71 MP: 6/6
  2210 | D:4      | Noticed Natasha
  2212 | D:4      | Noticed Ijyb
  2214 | D:4      | Killed Natasha
  2221 | D:4      | Killed Ijyb
  2345 | D:4      | Noticed Edmund
  2352 | D:4      | Killed Edmund
  2612 | D:4      | Noticed Natasha
  2622 | D:4      | Killed Natasha
  2802 | D:4      | Noticed Natasha
  2813 | D:4      | Killed Natasha
  2927 | D:4      | Reached skill level 8 in Unarmed Combat
  2935 | D:4      | Reached skill level 5 in Fighting
  3007 | D:4      | Reached **** piety under Trog
  3019 | D:4      | Reached XP level 8. HP: 65/80 MP: 7/7
  3494 | D:5      | Entered Level 5 of the Dungeon
  3629 | D:5      | Found a staircase to the Ecumenical Temple.
  3664 | D:5      | Noticed Sigmund
  3684 | D:5      | Killed Sigmund
  3685 | D:5      | Reached skill level 9 in Unarmed Combat
  3860 | D:5      | Found Dyeh's General Store.
  3899 | D:5      | Noticed Blork the orc
  3904 | D:5      | Killed Blork the orc
  4019 | D:5      | Reached skill level 10 in Unarmed Combat
  4019 | D:5      | Reached XP level 9. HP: 35/89 MP: 8/8
  4022 | D:5      | HP: 23/89 [yak (13)]
  4150 | D:5      | Found an iron altar of Okawaru.
  4253 | D:5      | Noticed Pikel
  4267 | D:5      | Killed Pikel
  4518 | D:6      | Found a runed translucent gate.
  4518 | D:6      | Found a runed translucent gate.
  4531 | D:6      | Found a runed translucent gate.
  4533 | D:6      | Noticed styxcanada's ghost (amateur SpBr)
  4546 | D:6      | Reached skill level 11 in Unarmed Combat
  4771 | D:6      | Reached ***** piety under Trog
  4814 | D:6      | Noticed Menkaure
  4820 | D:6      | Killed Menkaure
  5046 | D:6      | Reached skill level 12 in Unarmed Combat
  5349 | D:6      | Reached XP level 10. HP: 102/102 MP: 9/9
  5757 | D:7      | Paralysed by a hornet for 2 turns
  6159 | D:7      | Found Bivimoic's Book Shoppe.
  6474 | D:7      | Reached skill level 13 in Unarmed Combat
  6893 | D:8      | Found Aatvesch's Alliterative Accessories.
  7029 | D:8      | Found a snail-covered altar of Cheibriados.
  7334 | D:8      | Noticed a two-headed ogre
  7340 | D:8      | Killed a two-headed ogre
  7668 | D:9      | Reached XP level 11. HP: 99/111 MP: 10/10
  8095 | D:10     | Entered Level 10 of the Dungeon
  8355 | D:10     | Reached skill level 14 in Unarmed Combat
  8438 | D:10     | Found a staircase to the Lair.
  8732 | D:10     | Noticed a sun demon
  8773 | D:9      | HP: 46/166 [slime creature (14)]
  8780 | D:9      | HP: 28/111 [slime creature (12)]
  9060 | D:10     | Noticed a two-headed ogre
  9067 | D:10     | Killed a two-headed ogre
  9068 | D:10     | Reached skill level 5 in Shields
  9121 | D:10     | Noticed a two-headed ogre
  9128 | D:10     | Killed a two-headed ogre
  9274 | D:11     | Noticed a two-headed ogre
  9281 | D:11     | Killed a two-headed ogre
  9550 | D:10     | Reached skill level 15 in Unarmed Combat
  9868 | D:11     | Noticed Erica
  9879 | D:11     | Killed Erica
 10020 | D:11     | Noticed a two-headed ogre
 10023 | D:11     | Killed a two-headed ogre
 10024 | D:11     | Reached XP level 12. HP: 120/120 MP: 11/11
 10321 | D:11     | You fall into a shaft and drop 1 floor!
 10695 | Lair:1   | Entered Level 1 of the Lair of Beasts
 10801 | Lair:1   | Reached skill level 1 in Throwing
 10869 | Lair:1   | Noticed Joseph
 10877 | Lair:1   | Killed Joseph
 10877 | Lair:1   | Received a gift from Trog
 11004 | Lair:1   | Noticed a death yak
 11005 | Lair:1   | Noticed a death yak
 11018 | D:10     | Killed a death yak
 11132 | D:10     | Killed a death yak
 11670 | Lair:1   | Noticed an eight-headed hydra
 11688 | Lair:1   | HP: 39/120 [eight-headed hydra (8)]
 11689 | Lair:1   | HP: 15/120 [eight-headed hydra (6)]
 11919 | D:12     | Reached skill level 5 in Throwing
 11963 | D:12     | Found a staircase to the Orcish Mines.
 11973 | D:12     | Noticed an eight-headed hydra
 12007 | D:12     | Killed an eight-headed hydra
 12463 | D:12     | Noticed a two-headed ogre
 12466 | D:12     | Noticed an eight-headed hydra
 12485 | D:12     | HP: 28/120 [nine-headed hydra[a boggart] (14)]
 12485 | D:12     | Noticed a death knight
 12674 | D:12     | Reached XP level 13. HP: 105/127 MP: 12/12
 13067 | Lair:1   | HP: 34/127 [eight-headed hydra (14)]
 13067 | Lair:1   | HP: 13/127 [eight-headed hydra (9)]
 13671 | Lair:2   | Found a staircase to the Swamp.
 13859 | Lair:2   | Reached skill level 10 in Shields
 13939 | Lair:3   | Found a staircase to the Snake Pit.
 14159 | Lair:3   | Noticed Ycoocel's ghost (journeyman DrFE)
 14160 | Lair:3   | Found a transporter.
 14236 | Lair:3   | Found a transporter.
 15947 | Lair:5   | Reached XP level 14. HP: 84/137 MP: 13/13
 16515 | Lair:5   | Found a staircase to the Slime Pits.
 17084 | Lair:6   | Entered Level 6 of the Lair of Beasts
 17473 | Lair:6   | HP: 67/211 [poisoned by a cane toad]
 17477 | Lair:6   | Reached skill level 10 in Throwing
 17478 | Lair:6   | HP: 49/211 [poisoned by a cane toad]
 17483 | Lair:6   | HP: 26/141 [poisoned by a cane toad]
 17488 | Lair:6   | HP: 32/141 [poisoned by a cane toad]
 17810 | Lair:6   | Reached skill level 10 in Fighting
 18044 | Lair:6   | Identified the +0 chain mail "Ojon" {Harm rElec rCorr
                  | Str-4}
 18768 | Orc:1    | Entered Level 1 of the Orcish Mines
 18774 | Orc:1    | Noticed an orc warlord
 18802 | D:12     | Killed an orc warlord
 19247 | Orc:2    | Entered Level 2 of the Orcish Mines
 19382 | Orc:2    | Received a gift from Trog
 19391 | Orc:2    | Found a staircase to the Elven Halls.
 19585 | Orc:2    | Found Sysucedo's Antique Weapon Boutique.
 19589 | Orc:2    | Noticed a stone giant
 19600 | Orc:2    | Killed a stone giant
 19713 | Orc:2    | Found Xorgh's Jewellery Shoppe.
 19724 | Orc:2    | Reached XP level 15. HP: 105/152 MP: 14/14
 19874 | Orc:2    | Found Suquzo's General Store.
 20043 | Orc:2    | Noticed an orc warlord
 20062 | Orc:2    | Killed an orc warlord
 20183 | Orc:2    | Noticed an orc warlord
 20203 | Orc:2    | Killed an orc warlord
 20296 | Orc:2    | Found Oweucon's Antique Armour Boutique.
 20337 | Orc:2    | Bought a runed cloak for 202 gold pieces
 20891 | D:13     | Reached skill level 1 in Evocations
 21226 | D:13     | Found a hide-covered altar of Uskayaw.
 21587 | D:14     | Found a portal to a secret trove of treasure.
 21725 | D:14     | Found a gate to the Vaults.
 21979 | D:14     | Found a white marble altar of Elyvilon.
 22040 | D:14     | Identified the +12 mace of Zisig {elec, rCorr Int+5}
 22115 | D:14     | Identified the +9 war axe "Nar Dyf" {drain, SInv}
 22326 | D:15     | Entered Level 15 of the Dungeon
 22842 | D:15     | Reached XP level 16. HP: 148/165 MP: 15/15
 23123 | D:15     | Found a staircase to the Depths.
 23357 | Depths:1 | Entered Level 1 of the Depths
 23399 | Depths:1 | Found a one-way gateway to a ziggurat.
 23400 | Depths:1 | Noticed a dread lich
 23405 | Depths:1 | Noticed an Ice Fiend
 23414 | Depths:1 | HP: 54/165 [Ice Fiend/bolt of cold[a dread lich] (34)]
 23834 | Snake:1  | Entered Level 1 of the Snake Pit
 23926 | Snake:1  | Found a flickering gateway to a bazaar.
 23972 | Bazaar   | Entered a bazaar
 23981 | Bazaar   | Found Kelletz's Distillery.
 23996 | Bazaar   | Found Jepoipin's Antique Weapon Emporium.
 24029 | Bazaar   | Found Xigrus's Antique Weapon Boutique.
 24033 | Bazaar   | Found Fooral's Antique Armour Shop.
 24043 | Bazaar   | Bought a colourful robe for 68 gold pieces
 24043 | Bazaar   | Identified the +1 robe of Koptenoj {rF+ rN+} (You bought it
                  | in a shop in a bazaar)
 24080 | Bazaar   | Bought a potion of curing for 39 gold pieces
 24080 | Bazaar   | Bought a potion of heal wounds for 65 gold pieces
 24080 | Bazaar   | Bought a potion of might for 52 gold pieces
 24270 | Snake:1  | HP: 45/166 [sea snake (11)]
 24273 | Snake:1  | Reached skill level 5 in Evocations
 24275 | Snake:1  | HP: 35/166 [poisoned by a sea snake]
 24822 | Snake:1  | Identified the +4 rapier "Resonant Spiderslayer" {flame,
                  | Dex+3} (Trog gifted it to you on level 1 of the Snake Pit)
 24822 | Snake:1  | Received a gift from Trog
 25153 | Snake:2  | HP: 49/167 [naga warrior/+0 mace (19)]
 25158 | Snake:2  | HP: 36/167 [naga mage/splash of poison (2)]
 25159 | Snake:2  | HP: 10/167 [naga warrior/+0 mace (17)]
 25159 | Snake:2  | HP: 1/167 [naga mage/bolt of poison (6)]
 25505 | Snake:2  | Paralysed by a salamander for 4 turns
 25612 | Snake:2  | Reached skill level 16 in Unarmed Combat
 25612 | Snake:2  | HP: 50/167 [salamander (17)]
 25617 | Snake:2  | HP: 53/167 [poisoned by a guardian serpent (bolt of
                  | poison)]
 25625 | Snake:2  | HP: 52/167 [black mamba (8)]
 25633 | Snake:2  | HP: 38/167 [naga mage/bolt of poison (9)]
 25638 | Snake:2  | HP: 29/167 [poisoned by a naga mage (bolt of poison)]
 25643 | Snake:2  | HP: 35/167 [poisoned by a naga mage (bolt of poison)]
 25977 | Snake:1  | HP: 47/167 [something (11)]
 26083 | Snake:2  | HP: 79/250 [something (9)]
 27242 | Snake:3  | Reached skill level 5 in Dodging
 27642 | Snake:3  | Found the +3 pair of seven-league boots {Rampage+∞}
 28250 | Snake:3  | Reached XP level 17. HP: 121/176 MP: 16/16
 28901 | Snake:4  | Entered Level 4 of the Snake Pit
 30168 | Snake:4  | Reached skill level 15 in Shields
 31998 | Snake:4  | Got a serpentine rune of Zot
 32296 | Swamp:1  | Entered Level 1 of the Swamp
 32676 | Swamp:1  | Noticed Mlioglotl
 32695 | Swamp:1  | Killed Mlioglotl
 32784 | Swamp:1  | HP: 57/180 [tyrant leech (24)]
 32797 | Swamp:1  | Noticed Nikola
 32831 | Swamp:1  | Killed Nikola
 32941 | Swamp:1  | Noticed Kirke
 33030 | Swamp:1  | Killed Kirke
 33030 | Swamp:1  | Received a gift from Trog
 33547 | Swamp:2  | Reached XP level 18. HP: 189/189 MP: 17/17
 34361 | Swamp:2  | Identified the ring of Xom's Recklessness {+Blink rF+
                  | Slay+2}
 34575 | Swamp:3  | Identified the +0 kite shield "Lojuas Alat" {Slay+3}
 34575 | Swamp:3  | Noticed Donald
 34593 | Swamp:3  | Killed Donald
 35492 | Depths:1 | Found Buiry's Jewellery Shop.
 35494 | Depths:1 | Found Ynoseorr's Book Shoppe.
 35495 | Depths:1 | Found Viegi's Jewellery Shop.
 35549 | Depths:1 | Noticed a lich
 35566 | Depths:1 | Killed a lich
 35623 | Depths:1 | Paralysed by something for 5 turns
 35632 | Depths:1 | HP: 92/286 [something (19)]
 35663 | Depths:1 | Bought the ring of the Barracuda {rPois Str+4 SInv} for 553
                  | gold pieces
 35736 | Depths:1 | HP: 59/191 [spark wasp (11)]
 35742 | Depths:1 | HP: 59/191 [spark wasp (2)]
 35747 | Depths:1 | HP: 17/191 [spark wasp (29)]
 35747 | Depths:1 | HP: 4/191 [spark wasp (13)]
 35748 | Depths:1 | Mangled by a spark wasp

Illustrated notes

Levels and vault maps discovered:
D:1:      ncdulo_watergridlock, layout_basic
D:2:      cheibrodos_old_hovel, layout_loops_ring, serial_shops, shop,
          ebering_ecumenical_altar_webs, kennysheep_small_spiral,
          minmay_fountain_box, minmay_distorted, uniq_robin
D:3:      layout_loops_ring, uniq_grinder
D:4:      minmay_goblin_kobold_castle, layout_basic, corexii_corridor_pit,
          uniq_edmund, uniq_natasha, uniq_crazy_yiuf_cottage, uniq_ijyb,
          uniq_eustachio
D:5:      layout_loops_ring, okawaru_gym_becter,
          minmay_temple_entry_butterflies, serial_shops, shop,
          uniq_blork_the_orc, uniq_sigmund, uniq_pikel
D:6:      layout_loops_corners, gammafunk_ghost_split, chequers_garden,
          minmay_checkerbox, uniq_menkaure
D:7:      layout_cave_pods, serial_shops, kennysheep_mini, minmay_circle_x
D:8:      layout_basic, overflow_temple_1_default, minmay_misc_feat_chi,
          grunt_decor_mini_mirrors, st_stairs_10, nicolae_alphabet_shops
D:9:      layout_cave_pools
D:10:     layout_roguey, erik_lair_dragon, chequers_avenue,
          palyth_stone_intersect
D:11:     layout_basic, uniq_erica
D:12:     layout_loops_ring, minmay_orc_entry_temple_small
D:13:     layout_roguey, serial_undead, serial_undead_d, serial_undead_d,
          serial_undead_c, serial_undead_b, minivault_23,
          nicolae_uskayaw_dance_hall
D:14:     layout_loops_ring, erik_vaults_1, nicolae_elyvilon_peaceful_grove,
          enter_trove_1
D:15:     grunt_enter_depths_giant_problem, layout_cave_pools,
          minmay_misc_feat_nine_boxes, minmay_increasing_density
Lair:1:   layout_cave_pods, nzn_random_ring, uniq_joseph
Lair:2:   layout_chaotic_city, nicolae_swamp_entry_splash_gauntlet
Lair:3:   layout_gridlike, minmay_snake_entry_guardpost_small,
          gammafunk_ghost_hive
Lair:4:   layout_cave_pods
Lair:5:   layout_roguey, slime_dummy, serial_bayou_shore_a, serial_bayou_shore_b
Lair:6:   minmay_lair_end_frog_pond, layout_cellular_growth
Swamp:1:  nicolae_swamp_standing_stones, layout_basic_swamp,
          evilmike_swamp_ruin_house_3, nicolae_swamp_round_clearing,
          nicolae_swamp_super_fun_site, infiniplex_staircase_pool,
          uniq_mlioglotl, uniq_nikola, uniq_kirke
Swamp:2:  layout_basic_swamp, nicolae_swamp_trees_clearing
Swamp:3:  layout_basic_swamp, portal_ice_cave_entry_ice_statue_two,
          serial_swamp_ruin, evilmike_swamp_ruin_rubble_2,
          evilmike_swamp_ruin_house_1, swamp_pool1, st_swamp_ruins_1,
          uniq_donald, uniq_jorgrun, uniq_roxanne
Snake:1:  layout_gridlike, serial_shops, bzr_entry_dummy, nicolae_snake_springs,
          lemuel_fruit_tree
Snake:2:  layout_concentric_octagons
Snake:3:  layout_chambers, nicolae_coiled_stairwell_down
Snake:4:  grunt_snake_rune_serpentine_throne, layout_cave_town,
          grunt_ministairs_12
Orc:1:    layout_diamond_mine
Orc:2:    grunt_orc_gardens, layout_caves, grunt_orc_garden, grunt_orc_garden,
          grunt_orc_garden, grunt_orc_garden, hellmonk_guarded_unrand_dark_maul
Depths:1: layout_cave_shapes, enter_ziggurat_c, grunt_hell_entry_dis_old,
          ashenzari_altar_1, minmay_acid_items, firewood_loft,
          grunt_megastairs_4, minmay_shop_grove, serial_bayou_shore_b,
          uniq_sojobo

Skill      XL: |  1  2  3  4  5  6  7  8  9 10 11 12 13 14 15 16 17 |
---------------+----------------------------------------------------+-----
Unarmed Combat | 4 5 6 7 8 10 12 13 15 16 | 16.4
Fighting       | 3 4 5 6 7 8 10 12 13 14 | 14.6
Dodging        | 3 5 8 |  8.8
Shields        | 3 6 9 11 12 13 14 15 | 15.9
Throwing       | 5 9 10 11 | 11.0
Evocations     | 4 5 |  5.0
Armour         | |  0.6

Action                   |  1- 3 |  4- 6 |  7- 9 | 10-12 | 13-15 | 16-18 || total
-------------------------+-------+-------+-------+-------+-------+-------++-------
Melee: Unarmed           |   117 |   116 |   353 |   580 |  1162 |  1277 ||  3605
       Punch             |     2 |     2 |    12 |     7 |       |       ||    23
Throw: Boomerang         |       |       |       |    19 |   141 |   293 ||   453
       Dart              |       |       |       |       |    15 |     7 ||    22
       Throwing net      |       |       |       |       |     1 |     2 ||     3
Invok: Berserk           |     1 |     1 |     4 |    14 |    12 |    14 ||    46
       Trog's Hand       |       |     1 |     1 |     1 |     8 |    14 ||    25
       Brothers in Arms  |       |       |       |       |     8 |     3 ||    11
Evoke: Wand              |       |       |       |     2 |     1 |     5 ||     8
       Tin of tremorston |       |       |       |       |       |     1 ||     1
  Use: Scroll            |       |       |    10 |     9 |     7 |     4 ||    30
       Potion            |       |       |       |     2 |       |     2 ||     4
 Stab: Sleeping          |       |       |     1 |       |       |       ||     1
       Petrified         |       |       |       |       |     2 |       ||     2
Armor: Animal skin       |    44 |    27 |    80 |    32 |       |       ||   183
       Acid dragon scale |       |       |       |   124 |   218 |    21 ||   363
       Skin              |       |       |       |    28 |       |       ||    28
       Robe              |       |       |       |       |       |    98 ||    98
Dodge: Dodged            |    69 |    46 |   151 |   229 |   489 |   567 ||  1551
Block: Tower shield      |       |       |       |   331 |   989 |  1153 ||  2473
